 Dungeon Crawl Stone Soup version 0.28-a0-8-g6e044cfa68 (webtiles) character file.

Game seed: 14362589136668310677

296 ezpacito the Agent of Entropy (level 6, -5/48 HPs)
             Began as a Demonspawn Abyssal Knight on July 24, 2021.
             Was a Priest of Lugonu.
             Slain by an orc (8 damage)
             ... on level 4 of the Dungeon.
             The game lasted 00:04:57 (3182 turns).

ezpacito the Agent of Entropy (DsAK)                Turns: 3182, Time: 00:04:58

Health: -5/48      AC: 21    Str: 13    XL:     6   Next: 12%
Magic:  8/8        EV:  6    Int: 13    God:    Lugonu [***...]
Gold:   109        SH:  0    Dex: 20    Spells: 3/8 levels left

rFire   . . .      SeeInvis .   d - +3 hand axe
rCold   . . .      Faith    .   (no shield)
rNeg    . . .      Spirit   .   m - +0 chain mail
rPois   .          Reflect  .   (no helmet)
rElec   .          Harm     .   (no cloak)
rCorr   .          Rampage  .   (no gloves)
Will    .....                   (no boots)
Stlth   ..........              h - amulet of the acrobat
HPRegen 0.16/turn               c - +4 ring of protection
MPRegen 0.11/turn               i - +6 ring of dexterity

@: sanguine armoured
A: talons 1, powered by death 1, sanguine armour 2
a: Renounce Religion, Depart the Abyss, Bend Space, Banish


You were on level 4 of the Dungeon.
You worshipped Lugonu.
Lugonu was most pleased with you.
You visited 1 branch of the dungeon, and saw 4 of its levels.
You visited the Abyss 1 time.

You collected 109 gold pieces.

Inventory:

Hand Weapons
 a - a +1 hand axe
 d - a +3 hand axe (weapon)
Missiles
 g - 96 stones
Armour
 b - a +0 leather armour
 m - a +0 chain mail (worn)
Jewellery
 c - a +4 ring of protection (left hand)
 e - a ring of poison resistance
 f - an amulet of guardian spirit
 h - an amulet of the acrobat (around neck)
 i - a +6 ring of dexterity (right hand)
 n - an amulet of regeneration
Scrolls
 j - a scroll of torment


   Skills:
 + Level 3.7 Fighting
 * Level 3.4 Axes
 + Level 2.6 Armour
 + Level 2.1 Dodging
 + Level 1.7 Spellcasting
 + Level 0.4 Translocations
 + Level 3.9 Invocations


You had 3 spell levels left.
You knew the following spells:

 Your Spells              Type           Power      Damage    Failure   Level
a - Blink                 Tloc           N/A        N/A       100%        2
b - Lesser Beckoning      Tloc           1%         N/A       100%        3

Your spell library contained the following spells:

 Spells                   Type           Power      Damage    Failure   Level
 Call Canine Familiar     Summ           1%         N/A       100%        3
 Portal Projectile        Hex/Tloc       2%         N/A       100%        3
 Leda's Liquefaction      Hex/Erth       0%         N/A       100%        4
 Alistair's Intoxication  Tmut/Pois      0%         N/A       100%        5
 Borgnjor's Vile Clutch   Necr/Erth      0%         N/A       100%        5
 Manifold Assault         Tloc           2%         N/A       100%        5
 Eringya's Noxious Bog    Tmut/Pois      0%         N/A       100%        6


Dungeon Overview and Level Annotations

Branches:
Dungeon (4/15)
 Temple: D:4-7

Altars:


Innate Abilities, Weirdness & Mutations

You have sharp toenails.
You regenerate a little health from kills.
When seriously injured, your bleeding wounds create thick armour. (AC +9)


Message History

You hit the orc. You hit the orc but do no damage.
The orc hits you but does no damage. x2; The orc barely misses you.
Unknown command.
You hit the orc.
The orc is moderately wounded.
You hit the orc but do no damage. You barely miss the orc.
The orc hits you with a +0 hand axe. The orc barely misses you.
The orc hits you with a +0 morningstar. The orc hits you with a +0 hand axe.
Unknown command.
You hit the orc but do no damage. You claw the orc.
The orc is heavily wounded.
You hit the orc but do no damage. You hit the orc.
The orc hits you but does no damage. x3
Unknown command.
d - a +3 hand axe The orc barely misses you. x2; The orc hits you but does no damage.
d - a +3 hand axe (weapon)
The orc hits you with a +0 club. The orc completely misses you.
You barely miss the orc.
The orc is heavily wounded.
You closely miss the orc. You completely miss the orc.
The orc hits you but does no damage. x3
You closely miss the orc. Your kick misses the orc.
The orc is heavily wounded.
You hit the orc.
You kill the orc!
Lugonu accepts your kill.
You hit the orc but do no damage. The orc hits you but does no damage.
The orc hits you with a +0 morningstar.
* * * LOW HITPOINT WARNING * * *
You hit the orc.
You kill the orc!
Lugonu accepts your kill.
You barely miss the orc. The orc hits you with a +0 morningstar!
* * * LOW HITPOINT WARNING * * *
Unknown command.
You barely miss the orc. You claw the orc.
The orc is almost dead.
The orc hits you with a +0 morningstar!
You die...

...
#.......#.....
.#..
#.............
...
...........#.##
.#......#####..#
...## #...
#...##..#
#####.#.#..# .
#.......(.##....
##)@=.......
.^###.)o####....
........####....
..###.#........
#.....#......>.
##......=....
##.#........
...#........ ###
#........


You could see an orc.

Vanquished Creatures
  A centaur skeleton (D:4)
  Natasha (thrice) (D:2)
  A hound skeleton (D:4)
  Robin (D:3)
  7 adders
  A dart slug (D:1)
  5 orcs
  8 ball pythons
  4 endoplasms
  5 giant cockroaches
  15 goblins
  12 hobgoblins
  4 jackals (D:3)
  4 quokkas
  9 bats
  3 frilled lizards
  4 kobolds
  6 rats
  A bush (D:3)
94 creatures vanquished.

Vanquished Creatures (others)
  A plant (D:3)
1 creature vanquished.

Grand Total: 95 creatures vanquished

Notes
Turn   | Place    | Note
-------+----------+-------------------------------------------
     0 | Abyss:1  | ezpacito the Demonspawn Abyssal Knight began the quest for
                  | the Orb.
     0 | Abyss:1  | Reached XP level 1. HP: 18/18 MP: 2/2
    35 | Abyss:1  | Noticed an ancient zyme
    36 | D:1      | Escaped the Abyss
   118 | D:1      | Reached skill level 1 in Dodging
   292 | D:1      | Gained mutation: When seriously injured, your bleeding
                  | wounds create armour. (AC +9) [demonic ancestry]
   292 | D:1      | Reached XP level 2. HP: 23/24 MP: 3/3
   430 | D:1      | Reached * piety under Lugonu
   548 | D:1      | Gained mutation: When seriously injured, your bleeding
                  | wounds create thick armour. (AC +9) [demonic ancestry]
   548 | D:1      | Reached XP level 3. HP: 29/29 MP: 5/5
  1120 | D:2      | Noticed Natasha
  1135 | D:2      | Killed Natasha
  1136 | D:2      | Reached skill level 1 in Spellcasting
  1136 | D:2      | Gained mutation: You regenerate a little health from kills.
                  | [demonic ancestry]
  1136 | D:2      | Reached XP level 4. HP: 30/35 MP: 6/6
  1285 | D:2      | Noticed Natasha
  1313 | D:2      | Killed Natasha
  1448 | D:2      | Found a faded altar of an unknown god.
  1514 | D:2      | Gained mutation: You have sharp toenails. [demonic
                  | ancestry]
  1514 | D:2      | Reached XP level 5. HP: 41/41 MP: 7/7
  1570 | D:2      | Noticed Natasha
  1577 | D:2      | Killed Natasha
  1801 | D:2      | Reached ** piety under Lugonu
  2134 | D:3      | Learned a level 2 spell: Blink
  2138 | D:3      | Learned a level 3 spell: Lesser Beckoning
  2227 | D:3      | Noticed Robin
  2254 | D:3      | Killed Robin
  3119 | D:4      | Reached XP level 6. HP: 48/48 MP: 8/8
  3144 | D:4      | Noticed a water moccasin
  3165 | D:4      | Reached *** piety under Lugonu
  3182 | D:4      | Slain by an orc

Illustrated notes

Levels and vault maps discovered:
D:1:      lemuel_arrival_funnel, layout_loops_corners
D:2:      layout_loops_cross, hellmonk_ecumenical_altar_leap_of_faith,
          minmay_crystal_water, st_stairs_5, uniq_natasha
D:3:      layout_basic, serial_forest, infiniplex_forest_lined_3,
          infiniplex_forest_clump_tiny, infiniplex_forest_lined_1,
          infiniplex_forest_clump_medium, infiniplex_forest_fountain,
          infiniplex_forest_end_1, infiniplex_forest_end_2, uniq_robin
D:4:      layout_rooms, general_overflow_altar

Skill      XL: |  1  2  3  4  5 |
---------------+----------------+-----
Dodging        | 1 2 |  2.1
Axes           | 2 3 |  3.4
Armour         | 2 |  2.6
Invocations    | 3 |  3.9
Spellcasting   | 1 |  1.7
Fighting       | |  3.7
Translocations | |  0.4

Action                   |  1- 3 |  4- 6 || total
-------------------------+-------+-------++-------
Melee: Hand axe          |    93 |   251 ||   344
       Kick              |       |    94 ||    94
Invok: Depart the Abyss  |     1 |       ||     1
  Use: Potion            |     2 |     2 ||     4
       Scroll            |       |     7 ||     7
Armor: Leather armour    |    39 |       ||    39
       Chain mail        |    15 |   174 ||   189
Dodge: Dodged            |    71 |   100 ||   171

Table legend: (Time is in decaauts)
 A = Elapsed time spent in this place.
 B = Non-inter-level travel time spent in this place.
 C = Inter-level travel time spent in this place.
 D = Time resting spent in this place.
 E = Time spent auto-exploring this place.
 F = Levels seen in this place.
 G = Mean time per level.
                   A        B        C        D        E       F      G
               +--------+--------+--------+--------+--------+-----+--------+
         Total |   3228 |   3109 |    119 |      0 |   2375 |   5 |  645.6 |
       Dungeon |   3192 |   3073 |    119 |      0 |   2343 |   4 |  798.0 |
         Abyss |     35 |     35 |      0 |      0 |     32 |   1 |   35.0 |
               +--------+--------+--------+--------+--------+-----+--------+

Top non-repeatable levels by time:
     D:2: 1126 daAuts
     D:3: 1041 daAuts
     D:1: 949 daAuts
     D:4: 74 daAuts
 Abyss:1: 35 daAuts
